 Dungeon Crawl Stone Soup version 0.27-a0-124-g19cb506db8 (webtiles) character file.

Game seed: 18019193074429279717

5210 science1 the Cudgeller (level 10, -4/92 HPs)
             Began as a Palentonga Berserker on Jan 15, 2021.
             Was a High Priest of Trog.
             Slain by a two-headed ogre
             ... wielding a cursed +0 giant spiked club
              (11 damage)
             ... on level 9 of the Dungeon on Jan 25, 2021.
             The game lasted 02:04:09 (12280 turns).

science1 the Cudgeller (Palentonga Berserker)      Turns: 12280, Time: 02:04:10

Health: -4/92      AC: 20    Str: 24    XL:     10   Next: 35%
Magic:  10/10      EV:  6    Int:  9    God:    Trog [*****.]
Gold:   883        SH:  0    Dex: 10    Spells: 9/9 levels left

rFire    . . .     SeeInvis +   b - +5 morningstar
rCold    . . .     Faith    .   (no shield)
rNeg     + . .     Spirit   .   Z - +0 plate armour
rPois    .         Reflect  .   A - +0 helmet
rElec    .         Harm     .   (no cloak)
rCorr    .         Rampage  .   i - +0 pair of gloves
Will     .....                  (no barding)
Stlth    ..........             (no amulet)
HPRegen  0.25/turn              n - ring of positive energy
MPRegen  0.12/turn              K - ring of stealth

@: berserk cooldown, slowed, curled up, very slow
A: large, fangs 1, rugged brown scales 3, see invisible, clever 1, deformed
body, sense surroundings 1, roll 1, armoured tail, reflexive curl
a: Rolling Charge, Renounce Religion, Berserk, Trog's Hand, Brothers in Arms


You were on level 9 of the Dungeon.
You worshipped Trog.
Trog was extremely pleased with you.
You visited 2 branches of the dungeon, and saw 10 of its levels.

You collected 883 gold pieces.

Inventory:

Hand Weapons
 a - a cursed +0 arbalest
 b - a +5 morningstar (weapon)
 o - a +5 mace
 w - a +2 dagger of flaming
 x - a +0 hunting sling
 M - a +4 mace of protection
 X - a +0 shortbow
Missiles
 z - 39 poisoned darts
 F - 60 sling bullets
 Y - 57 arrows
Armour
 c - the cursed +0 plate armour of Past Mistakes {-Cast rF+ rC+ Will+, unknown}
   (You found it on level 9 of the Dungeon)

   It protects you from fire.
   It protects you from cold.
   It affects your willpower, your defense against some magical effects.
   It prevents spellcasting.
   It has a curse placed upon it.
 i - a +0 pair of gloves (worn)
 A - a +0 helmet (worn)
 Z - a +0 plate armour (worn)
Jewellery
 n - a ring of positive energy (left hand)
 G - an uncursed ring of wizardry
 K - a ring of stealth (right hand)
 P - an uncursed ring of flight
 U - the ring "Pabb" {+Fly Int+2}
   (You found it on level 7 of the Dungeon)

   [ring of flight]

   It affects your intelligence (+2).
   It lets you fly.
Wands
 T - a wand of acid (12)
 W - a wand of random effects (28)
Scrolls
 e - 2 scrolls of fog
 f - 2 scrolls of fear
 k - a scroll of immolation
 m - a scroll of random uselessness {unknown}
 p - 2 scrolls of noise {unknown}
 r - a scroll of enchant weapon {unknown}
 t - 2 scrolls of amnesia
 v - a scroll of enchant armour {unknown}
 y - 4 scrolls of teleportation
 B - 3 scrolls of identify
 D - a scroll of summoning {unknown}
 H - 2 scrolls of remove curse
 J - 2 scrolls of magic mapping
Potions
 g - 3 potions of flight
 j - a potion of might {unknown}
 q - 2 potions of berserk rage
 u - 2 potions of heal wounds
 C - a potion of curing {unknown}
 E - a potion of cancellation {unknown}
 N - 2 potions of haste
 O - a potion of ambrosia {unknown}
 Q - a potion of invisibility {unknown}
 R - 2 potions of attraction {unknown}
Miscellaneous
 I - a phantom mirror
 L - a lightning rod (4/4)


   Skills:
 + Level 7.2 Fighting
 + Level 3.2 Short Blades
 + Level 3.8(6.0) Axes
 + Level 7.3(7.7) Maces & Flails
 + Level 3.3 Slings
 + Level 4.3 Bows
 + Level 0.1(2.0) Throwing
 + Level 6.4 Armour
 + Level 3.1 Dodging
 + Level 0.7 Stealth


You had 9 spell levels left.
You didn't know any spells.
Your spell library contained the following spells:

 Spells                   Type           Power        Failure   Level
 Freeze                   Ice            0%           99%         1
 Frozen Ramparts          Ice            0%           100%        3
 Ozocubu's Armour         Ice            0%           100%        3
 Hailstorm                Conj/Ice       0%           100%        4
 Summon Ice Beast         Ice/Summ       0%           100%        4


Dungeon Overview and Level Annotations

Branches:
Dungeon (9/15)             Temple (1/1) D:4
   Lair: D:8-11         Orc: D:9-12

Altars:
Ashenzari
Cheibriados
Dithmenos
Fedhas
Gozag
Hepliaklqana
Kikubaaqudgha
Makhleb
Nemelex Xobeh
Okawaru
Qazlal
Ru
Sif Muna
Trog
Uskayaw
Vehumet
Wu Jian
Xom
Yredelemnul
Zin
The Shining One

Shops:
D:7 !   D:8 :


Innate Abilities, Weirdness & Mutations

You are completely covered in rugged brown scales. (AC +3, +7% HP)
You have supernaturally acute eyesight. (SInv)
Armour fits poorly on your strangely shaped body.
You can roll at nearby foes to attack.
You have a long armoured tail.
You curl defensively after being hit.
You have very sharp teeth.
Your mind is acute. (Int +2)
You passively map a small area around you.


Message History

The bullfrog hits you. The bullfrog barely misses you.
The bullfrog hits you but does no damage.
You barely miss the bullfrog. You tail-slap the bullfrog!
The bullfrog is severely wounded.
The bullfrog hits you but does no damage.
The bullfrog completely misses you.
Your plate armour prevents you from hitting the bullfrog.
The bullfrog is severely wounded.
The bullfrog hits you but does no damage. x3
You puncture the bullfrog!
You kill the bullfrog!
Trog accepts your kill. The two-headed ogre barely misses you.
The two-headed ogre hits you with a +0 giant spiked club!
As you read the scroll of fear, it crumbles to dust.
You assume a fearsome visage.
The two-headed ogre easily resists.
The two-headed ogre hits you with a cursed +0 giant spiked club!!
* * * LOW HITPOINT WARNING * * *
The two-headed ogre hits you with a +0 giant spiked club!
You die...

,, ...# ...# ..#### ,
..# ####.....#, , , * ,,
#.# ##..(.....# * ♣.
###.#####..††#.#####
#.#*#.....##...†........
...#...........†####..#
* *###.#.....#...##.# *
. , ,..#....@O...####.#
, . , #..#......### #.#*
*, * ., ..........# *...
, # ...#......## ##... ,
...........##......
................. *,, ,
....#.....#.#.... ,
....###........#.. *
.....##.....##....


You could see a two-headed ogre.

Vanquished Creatures
  A hydra (D:9)
  2 two-headed ogres
  A wyvern (D:9)
  A water moccasin (D:6)
  A black bear (D:9)
  3 ice beasts
  A sky beast (D:5)
  A phantom (D:8)
  3 ogres
  A centaur (D:7)
  2 big kobolds
  3 bullfrogs
  A wyvern skeleton (D:7)
  4 killer bees
  4 wights (D:7)
  2 vampire bats (D:2)
  8 howler monkeys
  4 hounds
  3 orc priests (D:6)
  3 bullfrog skeletons
  A centaur skeleton (D:8)
  2 jellies
  A gnoll shaman (D:8)
  3 iguanas
  An orc wizard (D:4)
  6 worker ants
  4 gnolls
  9 adders
  3 shadow imps
  An ufetubus (D:7)
  2 oozes
  3 adder skeletons
  4 worms
  2 dart slugs
  8 leopard geckos
  24 orcs
  4 bat skeletons (D:2)
  2 bat zombies (D:2)
  8 giant cockroaches
  9 goblins
  8 hobgoblins
  6 jackals
  13 kobolds
  2 quokkas
  5 ball pythons
  6 bats
  6 frilled lizards
  A giant cockroach zombie (D:5)
  A leopard gecko zombie (D:6)
  28 rats
222 creatures vanquished.

Notes
Turn   | Place    | Note
-------+----------+-------------------------------------------
     0 | D:1      | science1 the Palentonga Berserker began the quest for the
                  | Orb.
     0 | D:1      | Reached XP level 1. HP: 20/20 MP: 1/1
   525 | D:1      | Reached XP level 2. HP: 27/27 MP: 2/2
   865 | D:1      | Reached ** piety under Trog
  1573 | D:2      | Reached XP level 3. HP: 33/33 MP: 3/3
  2130 | D:2      | Reached XP level 4. HP: 40/40 MP: 4/4
  2257 | D:2      | Reached *** piety under Trog
  2885 | D:2      | Found an ancient bone altar of Kikubaaqudgha.
  2898 | D:2      | Reached XP level 5. HP: 37/49 MP: 5/5
  2903 | D:2      | Reached skill level 1 in Short Blades
  2903 | D:2      | Reached skill level 1 in Slings
  3421 | D:3      | Found a stormy altar of Qazlal.
  3728 | D:3      | Reached **** piety under Trog
  3814 | D:3      | Reached XP level 6. HP: 55/55 MP: 6/6
  3972 | D:3      | Found a shadowy altar of Dithmenos.
  4345 | D:4      | Found a large runed translucent door.
  4345 | D:4      | Found a large runed translucent door.
  4368 | D:4      | Found a large runed translucent door.
  4368 | D:4      | Found a large runed translucent door.
  4720 | D:4      | Found a hazy altar of Hepliaklqana.
  4906 | D:4      | Upgraded the game from 0.27-a0-79-gcaaa221d37 to
                  | 0.27-a0-95-g5a9077b8ae
  5714 | D:4      | Gained mutation: You curl defensively after being hit.
                  | [Palentonga growth]
  5714 | D:4      | Reached XP level 7. HP: 48/64 MP: 7/7
  5727 | D:4      | Gained mutation: You have very sharp teeth. [potion of
                  | mutation]
  5727 | D:4      | Gained mutation: You passively map a small area around you.
                  | [potion of mutation]
  5727 | D:4      | Gained mutation: Your mind is acute. (Int +2) [potion of
                  | mutation]
  6181 | D:4      | Found a staircase to the Ecumenical Temple.
  6232 | Temple   | Entered the Ecumenical Temple
  6435 | D:5      | Entered Level 5 of the Dungeon
  7188 | D:5      | Found a sacrificial altar of Ru.
  7417 | D:6      | Reached skill level 1 in Maces & Flails
  7490 | D:6      | Reached XP level 8. HP: 69/71 MP: 8/8
  7745 | D:7      | Got a clouded steel ring
  8040 | D:6      | Reached skill level 5 in Fighting
  8258 | D:7      | Found Dixer's Distillery.
  9001 | D:7      | Identified the ring "Pabb" {+Fly Int+2} (You found it on
                  | level 7 of the Dungeon)
  9619 | D:8      | Found a shimmering altar of Xom.
  9624 | D:8      | Reached skill level 1 in Bows
  9658 | D:8      | Reached skill level 5 in Maces & Flails
  9658 | D:8      | Reached XP level 9. HP: 80/80 MP: 9/9
  9796 | D:8      | Reached skill level 5 in Armour
  9943 | D:8      | Noticed a two-headed ogre
 10026 | D:7      | Upgraded the game from 0.27-a0-95-g5a9077b8ae to
                  | 0.27-a0-124-g19cb506db8
 10215 | D:8      | Reached ***** piety under Trog
 10547 | D:8      | Found Afydyt's Book Emporium.
 10680 | D:8      | Killed a two-headed ogre
 11256 | D:9      | Found a shadowy altar of Dithmenos.
 11907 | D:9      | Noticed a two-headed ogre
 11933 | D:9      | Killed a two-headed ogre
 11934 | D:9      | Reached XP level 10. HP: 89/89 MP: 10/10
 12252 | D:9      | Got a bloodstained plate armour
 12256 | D:9      | Noticed a six-headed hydra
 12267 | D:9      | Killed a six-headed hydra
 12270 | D:9      | Noticed a two-headed ogre
 12280 | D:9      | Slain by a two-headed ogre

Illustrated notes

Levels and vault maps discovered:
D:1:      dpeg_arrival_central, layout_basic, st_stairs_4, moated_statue,
          minmay_unequal
D:2:      layout_rooms, kennysheep_vampire_church, grunt_ministairs_6,
          minmay_rat_hole
D:3:      minmay_door_path, layout_basic, general_overflow_altar,
          lemuel_round_altar
D:4:      minmay_polygon_palace, layout_rooms, nzn_hepliaklqana_mist_gate,
          minmay_temple_entry_mini_moons, minmay_hollow_rounded_squares
D:5:      layout_rooms, nicolae_ru_path_of_blood
D:6:      layout_cave_pods
D:7:      layout_loops_ring, serial_shops, shop
D:8:      layout_cave_pools, xom_butterflies, serial_shops, shop
D:9:      layout_rooms, elyvilon_altar_3, lair_entry_dummy, serial_shops, shop,
          basic_altar, hangedman_abyss_or_decor_stagger
Temple:   nicolae_temple_elliptical

Skill      XL: |  1  2  3  4  5  6  7  8  9 10 |
---------------+-------------------------------+-----
Armour         | 2 3 4 6 |  6.4
Dodging        | 2 3 |  3.1
Short Blades   | 1 3 |  3.2
Slings         | 1 2 3 |  3.3
Fighting       | 4 5 6 7 |  7.2
Maces & Flails | 2 5 6 7 |  7.3
Bows           | 1 3 4 |  4.3
Axes           | |  3.8
Throwing       | |  0.1
Stealth        | |  0.7

Action                   |  1- 3 |  4- 6 |  7- 9 | 10-12 || total
-------------------------+-------+-------+-------+-------++-------
Melee: Hand axe          |    74 |       |       |       ||    74
       Tailslap          |     9 |    29 |    31 |     4 ||    73
       Dagger            |    21 |   234 |    26 |       ||   281
       Mace              |       |       |   209 |       ||   209
       Bite              |       |       |    24 |     2 ||    26
       Morningstar       |       |       |    29 |    33 ||    62
 Fire: Hunting sling     |    37 |    63 |    41 |       ||   141
       Shortbow          |       |       |    46 |    13 ||    59
Throw: Dart              |       |       |     3 |       ||     3
Invok: Berserk           |       |       |     7 |     1 ||     8
       Trog's Hand       |       |       |     2 |       ||     2
  Use: Scroll            |     4 |     4 |     7 |     2 ||    17
       Potion            |       |       |     4 |       ||     4
Armor: Animal skin       |    11 |       |       |       ||    11
       Leather armour    |    41 |    44 |       |       ||    85
       Ring mail         |       |    34 |    24 |       ||    58
       Scale mail        |       |       |    45 |       ||    45
       Plate armour      |       |       |   132 |    54 ||   186
Dodge: Dodged            |    53 |   123 |   115 |    24 ||   315

Table legend: (Time is in decaauts)
 A = Elapsed time spent in this place.
 B = Non-inter-level travel time spent in this place.
 C = Inter-level travel time spent in this place.
 D = Time resting spent in this place.
 E = Time spent auto-exploring this place.
 F = Levels seen in this place.
 G = Mean time per level.
                   A        B        C        D        E       F      G
               +--------+--------+--------+--------+--------+-----+--------+
         Total |  12351 |  11925 |    426 |   4149 |   2826 |  10 | 1235.1 |
       Dungeon |  12185 |  11783 |    402 |   4149 |   2686 |   9 | 1353.9 |
        Temple |    165 |    141 |     24 |      0 |    140 |   1 |  165.0 |
               +--------+--------+--------+--------+--------+-----+--------+

Top non-repeatable levels by time:
     D:4: 1959 daAuts
     D:8: 1921 daAuts
     D:7: 1736 daAuts
     D:1: 1567 daAuts
     D:2: 1530 daAuts
     D:3: 1202 daAuts
     D:5: 861 daAuts
     D:6: 818 daAuts
     D:9: 588 daAuts
  Temple: 165 daAuts
